 Dungeon Crawl Stone Soup version 0.22.0 (webtiles) character file.

77768 Jorund the Destroyer (level 15, 70/70 HPs)
             Began as a Felid Conjurer on Aug 10, 2018.
             Was a High Priest of Vehumet.
             Quit the game on level 1 of the Shoals on Aug 11, 2018.
             The game lasted 03:33:55 (53777 turns).

Jorund the Destroyer (Felid Conjurer)              Turns: 53777, Time: 03:33:56

Health: 70/70      AC:  3    Str:  8    XL:     15   Next: 16%
Magic:  33/33      EV: 26    Int: 22    God:    Vehumet [*****.]
Gold:   1201       SH:  2    Dex: 18    Spells: 7/41 levels left
                                        Lives:  1   Deaths: 1

rFire    + . .     SeeInvis +     - Unarmed
rCold    + + .     Gourm    .   (shield unavailable)
rNeg     . . .     Faith    .   (armour unavailable)
rPois    .         Spirit   .   (helmet unavailable)
rElec    .         Reflect  +   (cloak unavailable)
rCorr    .         Harm     .   (gloves unavailable)
MR       ++...                  (boots unavailable)
Stlth    +++++++...             w - amulet "Latoib" {Reflect *Contam rC++ Str+4 SH+2}
HPRegen  0.21/turn              u - ring of fire
MPRegen  0.23/turn              p - ring of stealth

@: quick
A: very small, no armour, no weapons or thrown items, stealth, claws 1, fangs 3,
see invisible, carnivore, speed 1, robust 1, screaming 1, shaggy fur 3, slow
metabolism 1, sharp paws
a: Renounce Religion


You were on level 1 of the Shoals.
You worshipped Vehumet.
Vehumet was extremely pleased with you.
You were not hungry.

You visited 7 branches of the dungeon, and saw 29 of its levels.

You collected 2550 gold pieces.
You spent 1349 gold pieces at shops.

Inventory:

Jewellery
 g - an uncursed ring of resist corrosion
 i - an uncursed ring of wizardry
 p - a ring of stealth (right paw)
 u - a ring of fire (left paw)
 w - the amulet "Latoib" (around neck) {Reflect *Contam rC++ Str+4 SH+2}
   (You acquired it on level 11 of the Dungeon)

   [amulet of reflection]

   It shields you and reflects attacks.
   It affects your strength (+4).
   It greatly protects you from cold.
   It causes magical contamination when unequipped.
   It affects your SH (+2).
 B - an uncursed ring of protection from cold
 D - a +1 ring of protection
 F - a +2 amulet of reflection
 J - an uncursed amulet of faith
 K - the ring "Alebarghidd" {+Fly rPois rC+ Int-2}
   (You found it on level 2 of the Elven Halls)

   [ring of flight]

   It affects your intelligence (-2).
   It protects you from cold.
   It protects you from poison.
   It lets you fly.
Wands
 k - a wand of paralysis (17)
 m - a wand of acid (17)
 n - a wand of clouds (4)
 q - a wand of digging (15)
 r - a wand of polymorph (10)
 s - a wand of iceblast (3)
 z - a wand of disintegration (2)
 A - a wand of flame (36)
Scrolls
 d - 12 scrolls of remove curse
 j - 5 scrolls of magic mapping
 o - 9 scrolls of teleportation
 x - 15 scrolls of identify
 I - 2 scrolls of fog
Potions
 a - 2 potions of heal wounds
 e - 3 potions of haste
 f - 5 potions of curing
 h - 3 potions of lignification
 l - 4 potions of brilliance
 E - a potion of resistance
 G - a potion of might
 H - a potion of flight
Miscellaneous
 t - a lightning rod (4/4)
 y - a lamp of fire
 C - a phantom mirror
Comestibles
 b - 45 rations


   Skills:
 - Level 6.6 Fighting
 - Level 10.2 Dodging
 - Level 12.6 Stealth
 - Level 8.0 Unarmed Combat
 - Level 13.8 Spellcasting
 - Level 14.2 Conjurations
 - Level 8.9 Hexes
 - Level 5.1 Translocations
 + Level 1.2 Ice Magic
 + Level 0.2 Air Magic
 - Level 12.0 Evocations


You had 7 spell levels left.
You knew the following spells:

 Your Spells              Type           Power        Failure   Level  Hunger
a - Magic Dart            Conj           ####         0%          1    None
b - Dazzling Spray        Conj/Hex       ######       1%          3    None
c - Iskenderun's Mystic   Conj           ######..     1%          4    None
d - Conjure Flame         Conj/Fire      ######..     1%          3    None
e - Mephitic Cloud        Conj/Pois/Air  #####...     1%          3    None
f - Force Lance           Conj/Tloc      ######..     1%          4    None
g - Fulminant Prism       Conj/Hex       ######....   1%          4    None
h - Inner Flame           Hex/Fire       ######..     1%          3    None
i - Confuse               Hex            ######..     1%          3    None
j - Throw Icicle          Conj/Ice       #####...     1%          4    None
k - Blink                 Tloc           N/A          1%          2    None

Your spell library contained the following spells:

 Spells                   Type           Power        Failure   Level  Hunger
 Apportation              Tloc           #####.       1%          1    None
 Lightning Bolt           Conj/Air       #####.....   1%          5    ###....
 Slow                     Hex            ######..     1%          2    None
 Invisibility             Hex            ######..     16%         6    #####..
 Freezing Cloud           Conj/Ice/Air   #####.....   19%         6    #####..
 Ring of Flames           Chrm/Fire      ###.......   100%        7    ######.
 Summon Small Mammal      Summ           ###.         4%          1    None
 Animate Dead             Necr           N/A          38%         4    None
 Pain                     Necr           ###.         4%          1    None
 Animate Skeleton         Necr           N/A          4%          1    None
 Vampiric Draining        Necr           ###.......   12%         3    None
 Summon Ice Beast         Ice/Summ       ###.....     32%         4    None
 Call Imp                 Summ           ###.....     6%          2    None
 Regeneration             Chrm/Necr      ###.......   12%         3    None
 Sublimation of Blood     Necr           ###.......   6%          2    None
 Tukima's Dance           Hex            ######..     1%          3    None
 Shock                    Conj/Air       ####         1%          1    None
 Swiftness                Chrm/Air       ###.....     6%          2    None
 Recall                   Summ/Tloc      N/A          4%          3    None
 Spider Form              Tmut/Pois      ###.......   12%         3    None
 Blade Hands              Tmut           ###.......   75%         5    ###....
 Statue Form              Tmut/Erth      ###......    99%         6    #####..
 Ice Form                 Ice/Tmut       ###.....     32%         4    None
 Dragon Form              Tmut           ###.......   100%        7    ######.
 Death Channel            Necr           ###.......   99%         6    #####..
 Deflect Missiles         Chrm/Air       ###.......   99%         6    #####..
 Airstrike                Air            ###.......   10%         4    None
 Confusing Touch          Hex            ######       1%          1    None
 Ignite Poison            Fire/Tmut/Pois ###.....     3%          3    None
 Sticks to Snakes         Tmut           ###.....     6%          2    None
 Ensorcelled Hibernation  Hex/Ice        #####.       1%          2    None
 Metabolic Englaciation   Hex/Ice        #####.....   14%         5    ###....
 Silence                  Hex/Air        #####.....   17%         5    ###....
 Static Discharge         Conj/Air       #####...     1%          3    None
 Corona                   Hex            ######.      1%          1    None
 Simulacrum               Ice/Necr       ###.......   99%         6    #####..
 Conjure Ball Lightning   Conj/Air       #####.....   9%          6    #####..
 Petrify                  Tmut/Erth      ###.....     38%         4    None
 Tornado                  Air            ###.......   100%        9    #######
 Shroud of Golubria       Chrm/Tloc      ####......   2%          2    None
 Beastly Appendage        Tmut           ###...       4%          1    None
 Infusion                 Chrm           ###.         4%          1    None
 Song of Slaying          Chrm           ###.....     6%          2    None
 Spectral Weapon          Hex/Chrm       #####...     1%          3    None
 Searing Ray              Conj           ######       0%          2    None
 Summon Forest            Summ/Tloc      ####......   36%         5    ###....
 Summon Lightning Spire   Summ/Air       ###.....     36%         4    None
 Spellforged Servitor     Conj/Summ      #####.....   41%         7    ######.
 Hydra Form               Tmut           ###.......   99%         6    #####..
 Irradiate                Conj/Tmut      #####.....   1%          5    ###....
 Gell's Gravitas          Tloc           #####.....   1%          3    None
 Yara's Violent Unravell  Hex/Tmut       #####.....   5%          5    ###....
 Poisonous Vapours        Pois/Air       ###...       6%          2    None
 Borgnjor's Vile Clutch   Necr/Erth      ###.......   75%         5    ###....


Dungeon Overview and Level Annotations

Branches:
Dungeon (15/15)            Temple (1/1) D:5            Lair (6/6) D:11
 Shoals (1/4) Lair:2        Snake (1/4) Lair:2        Slime (0/5) Lair:6
    Orc (2/2) D:12            Elf (3/3) Orc:2        Vaults (0/5) D:13
 Depths (0/5) D:15

Altars:
Dithmenos
Elyvilon
Gozag
Hepliaklqana
Kikubaaqudgha
Okawaru
Qazlal
Ru
Sif Muna
Trog
Uskayaw
Vehumet
Wu Jian
Xom
Yredelemnul
Zin
The Shining One
Beogh
Jiyva

Shops:
D:4 }%**:   D:5 }   D:7 =   Orc:2 ([[([   Elf:1 [[?:   Elf:2 ?

Portals:
Trove: D:13 (give 20 potions of curing)

Annotations:
D:3 exclusion: ogre
D:10 5 exclusions
D:11 Snorg
D:12 Frances
D:13 Rupert
D:15 Agnes
Lair:3 exclusions: bullfrog, death yak, hydra and 5 more exclusions
Orc:2 Azrael
Elf:1 exclusion: downstairs
Elf:2 2 runed doors
Elf:3 1 exclusion


Innate Abilities, Weirdness & Mutations

You cannot wear armour.
You are incapable of wielding weapons or throwing items.
Your paws allow you to move quietly. (Stealth)
You have sharp claws.
You have razor-sharp teeth.
You have supernaturally acute eyesight. (SInv)
You are carnivorous and can eat meat at any time.
You cover ground quickly.
Your thick and shaggy fur keeps you warm. (AC +3, rC+)
You have a slow metabolism.
Your sharp claws are effective at attacking unaware monsters.
You are robust. (+10% HP)
You occasionally shout uncontrollably at your foes.


Message History

Aim: a merfolk, wielding a trident The ball explodes into a vile cloud!
The stinking cloud engulfs the merfolk.
The stinking cloud engulfs the manticore.
The manticore is engulfed in noxious fumes.
The merfolk aquamancer gestures at you while chanting.
The torrent of water hits you!
Ouch! That really hurt!
You die...
You are knocked back by the torrent of water.
The wave splashes down.
Splash!
You fall into the shallow water.
Moving in this stuff is going to be slow.
The merfolk is engulfed in noxious fumes.
The merfolk hits you from afar with a trident!
You are now level 15!
You rejoin the land of the living...
Found a scroll of amnesia and a runed great mace.
Unknown command.
Are you sure you want to abandon this character and quit the game? (Confirm with "yes".)

≈≈≈≈≈≈≈≈≈≈≈
≈≈≈≈≈≈≈≈≈≈≈≈
≈≈≈≈ ≈≈≈≈≈≈≈≈≈≈≈
≈≈≈≈ ≈≈≈≈≈≈≈≈≈≈≈
≈≈≈≈ ..)≈≈≈≈≈≈≈
≈≈≈≈ #..≈≈≈≈≈≈≈
≈≈≈≈ #..≈≈≈≈≈≈.
≈≈≈≈
≈..###@.≈≈≈≈≈..
..≈≈
≈≈≈......≈≈≈....
..≈≈
≈≈≈≈≈≈.?...≈≈...
.≈P≈
....≈≈.....≈≈≈..
.≈≈
........##.≈≈≈≈≈
P #########
#≈≈≈≈≈ ≈..≈≈
..≈≈ ..≈.


There were no monsters in sight!

Vanquished Creatures
  An orc warlord (Orc:2)
  A deep elf demonologist (Elf:1)
  Nessos (Orc:2)
  A dire elephant (Lair:6)
  A deep elf annihilator (Elf:2)
  A deep elf death mage (Elf:2)
  Josephine (Lair:6)
  Erolcha (Orc:2)
  Harold (D:11)
  6 hydras
  A catoblepas (Lair:6)
  2 centaur warriors
  An ogre mage (D:13)
  17 dancing weapons
  A tengu warrior (D:15)
  4 two-headed ogres
  5 orc high priests
  A deep troll shaman (Lair:6)
  3 death yaks (Lair:6)
  A vampire mage (D:14)
  5 slime creatures (D:12)
  9 deep elf knights
  5 skeletal warriors (D:15)
  4 unseen horrors
  16 deep elf archers
  An orc knight (Orc:1)
  2 ugly things (D:13)
  A necromancer (D:15)
  An orc sorcerer (Elf:3)
  42 deep elf magi
  3 manticores
  A salamander (shapeshifter) (D:13)
  4 elephants (Lair:6)
  A cyclops (D:14)
  7 black mambas
  A merfolk siren (Shoals:1)
  A gargoyle (D:12)
  8 spiny frogs
  7 komodo dragons
  4 rime drakes
  A guardian mummy (D:13)
  A kobold demonologist (D:12)
  3 trolls
  A spriggan zombie (D:15)
  A meliai (shapeshifter) (Elf:3)
  11 hippogriffs
  A deep troll zombie (D:15)
  An air elemental (Elf:3)
  Sigmund (D:4)
  2 shadows
  7 wraiths
  A spriggan (D:7)
  5 wyverns
  4 water elementals
  25 yaks
  A fire elemental (Orc:1)
  3 hungry ghosts
  4 vampire mosquitoes (D:14)
  Edmund (D:4)
  A basilisk (Lair:1)
  5 nagas (Lair:2)
  15 water moccasins
  Duvessa (D:5)
  2 hell hounds (Orc:2)
  34 orc warriors
  6 porcupines
  3 sky beasts
  A phantom (D:11)
  2 ice beasts
  2 black bears
  9 ogres
  2 necrophages
  43 wolves
  4 centaurs
  6 crocodiles
  16 bullfrogs
  7 big kobolds
  3 earth elementals
  A gnoll sergeant (D:7)
  Dowan (D:5)
  A water moccasin zombie (D:8)
  2 scorpions
  10 wights
  16 killer bees
  4 howler monkeys
  3 electric eels
  4 bullfrog zombies
  7 crimson imps
  4 centaur zombies
  7 hounds
  4 jellies
  3 quasits
  3 human zombies (D:7)
  5 bullfrog skeletons
  21 orc priests
  30 orc wizards
  2 centaur skeletons
  2 human skeletons (D:7)
  An iguana (D:7)
  9 worker ants
  A killer bee zombie (D:10)
  An ogre zombie (D:7)
  A hound skeleton (D:4)
  2 mummies (D:7)
  Robin (D:4)
  11 gnolls
  A howler monkey skeleton (D:11)
  9 adders
  5 shadow imps
  An ooze (D:7)
  An adder zombie (D:9)
  A worm (D:4)
  A dart slug (D:4)
  6 leopard geckos
  113 orcs
  4 ball pythons
  5 bats
  2 giant cockroaches
  15 goblins
  12 hobgoblins
  13 jackals
  9 quokkas
  3 frilled lizards
  A giant cockroach zombie (D:6)
  35 kobolds
  A leopard gecko zombie (D:6)
  8 rats
  A plant (Lair:6)
814 creatures vanquished.

Vanquished Creatures (collateral kills)
  A killer bee (D:10)
1 creature vanquished.

Vanquished Creatures (others)
  A centaur warrior (D:14)
  A human (D:5)
  14 fungi
  8 plants
24 creatures vanquished.

Grand Total: 839 creatures vanquished

Notes
Turn   | Place    | Note
-------+----------+-------------------------------------------
     0 | D:1      | Jorund the Felid Conjurer began the quest for the Orb.
     0 | D:1      | Reached XP level 1. HP: 7/7 MP: 4/4
   206 | D:1      | Reached skill level 4 in Conjurations
   268 | D:1      | Reached XP level 2. HP: 11/11 MP: 1/6
  1733 | D:2      | Found a hazy altar of Hepliaklqana.
  1875 | D:2      | Reached XP level 3. HP: 14/14 MP: 2/7
  2624 | D:3      | Noticed an ogre
  2631 | D:3      | Learned a level 3 spell: Dazzling Spray
  2644 | D:3      | Found a faded altar of an unknown god.
  2753 | D:3      | Reached XP level 4. HP: 18/18 MP: 3/8
  3001 | D:3      | Reached skill level 5 in Conjurations
  3048 | D:3      | Noticed an orc warrior
  3381 | D:4      | Found a hide-covered altar of Uskayaw.
  3381 | D:4      | Noticed a dagger
  3381 | D:4      | Noticed a hand axe
  3388 | D:4      | Reached XP level 5. HP: 21/21 MP: 4/10
  3498 | D:4      | Found Goh Usm's General Store.
  3531 | D:4      | Found Reacvys's Food Emporium.
  3556 | D:4      | Found Ytzar's Gadget Emporium.
  3635 | D:4      | Noticed Sigmund
  3887 | D:4      | Found Castreg's Assorted Antiques.
  4066 | D:4      | Bought a scroll of teleportation for 60 gold pieces
  4066 | D:4      | Bought a murky white potion for 18 gold pieces
  4066 | D:4      | Bought a scroll labeled LYTAYN ROASISYE for 20 gold pieces
  4066 | D:4      | Bought a scroll labeled QOFY EGECOSH for 20 gold pieces
  4091 | D:4      | Noticed Robin
  4101 | D:4      | Killed Robin
  4101 | D:4      | Gained mutation: You are covered in thick fur. (AC +2) [Felid growth]
  4101 | D:4      | Reached XP level 6. HP: 24/24 MP: 1/12
  4399 | D:4      | Found an opulent altar of Gozag.
  4399 | D:4      | Noticed Edmund
  4546 | D:4      | Found Muerchab's Book Shoppe.
  4625 | D:5      | Entered Level 5 of the Dungeon
  4709 | D:5      | Found Fyxir's Gadget Shop.
  4751 | D:5      | Learned a level 4 spell: Iskenderun's Mystic Blast
  4774 | D:5      | Found a stormy altar of Qazlal.
  4779 | D:5      | Found a glowing silver altar of Zin.
  4779 | D:5      | Found a white marble altar of Elyvilon.
  4967 | D:5      | Noticed Duvessa
  4967 | D:5      | Noticed Dowan
  5150 | D:5      | Found an ancient bone altar of Kikubaaqudgha.
  5158 | D:5      | Noticed a human
  5160 | D:5      | Killed a human
  5199 | D:5      | Learned a level 3 spell: Conjure Flame
  5515 | D:5      | Found a staircase to the Ecumenical Temple.
  5599 | Temple   | Entered the Ecumenical Temple
  5613 | Temple   | Learned a level 3 spell: Mephitic Cloud
  5613 | Temple   | Became a worshipper of Vehumet
  5918 | D:5      | Noticed a two-headed ogre
  6226 | D:6      | Reached skill level 5 in Spellcasting
  6226 | D:6      | Reached skill level 6 in Conjurations
  6226 | D:6      | Reached XP level 7. HP: 5/27 MP: 2/15
  6815 | D:6      | Paralysed by a kobold for 3 turns
  6836 | D:6      | Reached XP level 8. HP: 12/31 MP: 2/18
  6967 | D:6      | Reached skill level 7 in Conjurations
  7528 | D:6      | Reached skill level 1 in Evocations
  7530 | D:6      | Reached * piety under Vehumet
  7530 | D:6      | Offered knowledge of Shock by Vehumet.
  8396 | D:7      | Noticed a hippogriff
  8400 | D:7      | Killed a hippogriff
  8554 | D:7      | Noticed a hippogriff
  8573 | D:7      | Killed a hippogriff
  8573 | D:7      | Reached skill level 8 in Conjurations
  8705 | D:7      | Reached XP level 9. HP: 34/34 MP: 11/21
  9520 | D:7      | Found a basalt altar of Yredelemnul.
 10121 | D:7      | Found Setosk's Jewellery Emporium.
 10793 | D:7      | Reached ** piety under Vehumet
 10793 | D:7      | Offered knowledge of Sandblast by Vehumet.
 11337 | D:8      | Learned a level 4 spell: Force Lance
 11342 | D:8      | Learned a level 4 spell: Fulminant Prism
 11369 | D:8      | Reached skill level 9 in Conjurations
 12135 | D:8      | Reached skill level 5 in Evocations
 12550 | D:8      | Offered knowledge of Inner Flame by Vehumet.
 12556 | D:8      | Learned a level 3 spell: Inner Flame
 12827 | D:9      | Reached skill level 1 in Hexes
 12827 | D:9      | Reached skill level 1 in Translocations
 12827 | D:9      | Reached XP level 10. HP: 28/37 MP: 13/24
 13141 | D:9      | Found an ornate altar of the Wu Jian Council.
 13324 | D:9      | Reached *** piety under Vehumet
 14503 | D:10     | Entered Level 10 of the Dungeon
 14508 | D:10     | Reached skill level 5 in Hexes
 14546 | D:10     | Reached skill level 5 in Translocations
 14736 | D:10     | Offered knowledge of Airstrike by Vehumet.
 15588 | D:10     | Noticed an unseen horror
 15592 | D:10     | Killed an unseen horror
 16685 | D:11     | Reached **** piety under Vehumet
 16738 | D:11     | Reached XP level 11. HP: 31/40 MP: 5/25
 16893 | D:11     | Identified a scroll of acquirement
 16894 | D:11     | Got a heavily runed zirconium amulet
 16899 | D:11     | Identified the amulet "Latoib" {Reflect *Contam rC++ Str+4 SH+2} (You acquired it on level 11 of the Dungeon)
 16938 | D:11     | Noticed an unseen horror
 17084 | D:11     | Offered knowledge of Stone Arrow by Vehumet.
 17413 | D:11     | Found a staircase to the Lair.
 17668 | D:11     | Found a shadowy altar of Dithmenos.
 18095 | D:11     | Noticed an unseen horror
 18098 | D:11     | Killed an unseen horror
 18098 | D:11     | Reached skill level 10 in Conjurations
 18117 | D:11     | Killed an unseen horror
 18197 | D:11     | Noticed Harold
 18202 | D:11     | Noticed Snorg
 18213 | D:11     | Killed Harold
 18213 | D:11     | Reached skill level 10 in Spellcasting
 18625 | Lair:1   | Entered Level 1 of the Lair of Beasts
 18630 | Lair:1   | Learned a level 3 spell: Confuse
 19965 | Lair:2   | Gained mutation: Your muscles are strong. (Str +2) [potion of mutation]
 19965 | Lair:2   | Gained mutation: Your body sometimes deteriorates upon taking damage. [potion of mutation]
 19965 | Lair:2   | Gained mutation: You are robust. (+10% HP) [potion of mutation]
 19965 | Lair:2   | Gained mutation: You possess an exceptional clarity of mind. [potion of mutation]
 20534 | Lair:2   | Found a staircase to the Shoals.
 20724 | Lair:2   | Reached skill level 11 in Conjurations
 20881 | Lair:2   | Reached ***** piety under Vehumet
 20888 | Lair:2   | Found a staircase to the Snake Pit.
 20961 | Lair:2   | Gained mutation: Your thick and shaggy fur keeps you warm. (AC +3, rC+) [Felid growth]
 20961 | Lair:2   | Reached XP level 12. HP: 48/48 MP: 21/28
 21064 | Lair:2   | Offered knowledge of Irradiate by Vehumet.
 21322 | Lair:3   | Noticed a death yak
 21526 | Lair:3   | Reached skill level 1 in Fighting
 22015 | Lair:3   | Noticed a seven-headed hydra
 22264 | Lair:3   | Noticed a death yak
 22593 | Lair:3   | Noticed a death yak
 22971 | Lair:4   | Lost mutation: Your muscles are strong. (Str +2) [potion of mutation]
 22971 | Lair:4   | Lost mutation: Your body sometimes deteriorates upon taking damage. [potion of mutation]
 22971 | Lair:4   | Lost mutation: You possess an exceptional clarity of mind. [potion of mutation]
 22971 | Lair:4   | Gained mutation: You occasionally shout uncontrollably at your foes. [potion of mutation]
 22971 | Lair:4   | Gained mutation: Your muscles are strong. (Str +2) [potion of mutation]
 22971 | Lair:4   | Lost mutation: Your muscles are strong. (Str +2) [potion of mutation]
 24003 | Lair:4   | Reached skill level 1 in Unarmed Combat
 25274 | Lair:4   | Found a hide-covered altar of Uskayaw.
 25539 | Lair:4   | Reached skill level 5 in Unarmed Combat
 25759 | Lair:5   | Noticed an eight-headed hydra
 25784 | Lair:5   | Killed an eight-headed hydra
 26808 | Lair:6   | Entered Level 6 of the Lair of Beasts
 26881 | Lair:6   | Noticed a six-headed hydra
 27010 | Lair:6   | Reached skill level 5 in Stealth
 27017 | Lair:6   | Noticed Josephine
 27211 | Lair:6   | Offered knowledge of Throw Icicle by Vehumet.
 27460 | Lair:6   | Noticed an eight-headed hydra
 27768 | Lair:5   | Reached XP level 13. HP: 50/57 MP: 24/29
 28228 | D:12     | Noticed Frances
 28530 | D:12     | Found a staircase to the Orcish Mines.
 28588 | D:12     | Learned a level 4 spell: Throw Icicle
 29380 | D:12     | Reached skill level 1 in Ice Magic
 29853 | D:12     | Reached skill level 10 in Stealth
 30537 | D:13     | Found a gate to the Vaults.
 30720 | D:13     | Found a portal to a secret trove of treasure.
 31369 | D:5      | Bought a wand of iceblast (6) for 110 gold pieces
 31369 | D:5      | Bought a wand of disintegration (12) for 176 gold pieces
 31387 | D:4      | Killed Sigmund
 31391 | D:4      | Killed Edmund
 31465 | D:4      | Bought a book of Minor Magic for 220 gold pieces
 31468 | D:4      | Learned a level 2 spell: Blink
 31536 | D:4      | Bought a potion of resistance for 120 gold pieces
 32017 | D:13     | Reached skill level 12 in Conjurations
 32192 | D:13     | Noticed Rupert
 32420 | D:13     | Found the +2 cloak of the Thief {+Fog Slay-2 SInv Stlth+}
 33523 | D:15     | Entered Level 15 of the Dungeon
 33710 | Orc:1    | Entered Level 1 of the Orcish Mines
 33970 | Orc:1    | Found a roughly hewn altar of Beogh.
 33980 | Orc:1    | Offered knowledge of Fireball by Vehumet.
 34580 | Orc:2    | Entered Level 2 of the Orcish Mines
 34704 | Orc:2    | Found a roughly hewn altar of Beogh.
 35183 | Orc:2    | Noticed Nessos
 35293 | Orc:2    | Found Hura's Weapon Emporium.
 35301 | Orc:2    | Noticed Erolcha
 35498 | Orc:2    | Killed Nessos
 35988 | Orc:2    | Noticed Azrael
 36621 | Lair:6   | Reached XP level 14. HP: 60/60 MP: 7/31
 37346 | Lair:6   | Killed Josephine
 37778 | Lair:6   | Found a viscous altar of Jiyva.
 37779 | Lair:6   | Found a staircase to the Slime Pits.
 37805 | Lair:6   | Offered knowledge of Ozocubu's Refrigeration by Vehumet.
 38746 | Lair:6   | Reached skill level 5 in Fighting
 39349 | Lair:6   | Reached skill level 13 in Conjurations
 39515 | Lair:6   | Identified Vorghiun's Catalogue of Scorching Cold
 40119 | D:15     | Found a staircase to the Depths.
 40312 | D:15     | Found a glowing silver altar of Zin.
 41123 | Orc:2    | Killed Erolcha
 41126 | Orc:2    | Found a staircase to the Elven Halls.
 41143 | Orc:2    | Found a roughly hewn altar of Beogh.
 41486 | Orc:2    | Found a roughly hewn altar of Beogh.
 41500 | Orc:2    | Found Hotatz's Antique Armour Boutique.
 41919 | Orc:2    | Noticed an orc warlord
 42406 | Orc:2    | Killed an orc warlord
 42406 | Orc:2    | Reached skill level 10 in Dodging
 42527 | Orc:2    | Found Umnuny's Antique Armour Shoppe.
 42530 | Orc:2    | Found a roughly hewn altar of Beogh.
 42534 | Orc:2    | Found Busim's Antique Weapon Emporium.
 42769 | Orc:2    | Found a roughly hewn altar of Beogh.
 42778 | Orc:2    | Found Henufeab's Armour Shoppe.
 43287 | D:5      | Killed Duvessa
 43386 | D:5      | Killed Dowan
 43605 | Elf:1    | Entered Level 1 of the Elven Halls
 43812 | Shoals:1 | Entered Level 1 of the Shoals
 44064 | Snake:1  | Entered Level 1 of the Snake Pit
 44695 | D:15     | Noticed Agnes
 45048 | D:4      | Bought a book of Transfigurations for 605 gold pieces
 46259 | Elf:1    | Reached XP level 15. HP: 65/69 MP: 8/33
 46380 | Elf:1    | Found a radiant altar of Vehumet.
 47453 | Elf:1    | Found Etirusotz's Book Shop.
 47454 | Elf:1    | Found Pauchoerph's Magic Scroll Shop.
 47454 | Elf:1    | Found Maneteb's Armour Boutique.
 47466 | Elf:1    | Found Iskois's Antique Armour Boutique.
 48344 | Elf:1    | Found a radiant altar of Vehumet.
 48404 | Elf:1    | Reached skill level 14 in Conjurations
 48551 | Elf:1    | Identified the Handbook of Calling
 49074 | Elf:2    | Got a crude brass ring
 49818 | Elf:2    | Identified the Almanac of Untold Secrets
 50042 | Elf:2    | Found a runed door.
 50064 | Elf:2    | Found a runed door.
 50099 | Elf:2    | Reached skill level 10 in Evocations
 50669 | Elf:2    | Found Wicommor's Magic Scroll Boutique.
 50833 | Elf:3    | Entered Level 3 of the Elven Halls
 52135 | Elf:3    | Reached XP level 16. HP: 73/73 MP: 23/34
 52523 | Elf:3    | Identified the ring "Alebarghidd" {+Fly rPois rC+ Int-2} (You found it on level 2 of the Elven Halls)
 53775 | Shoals:1 | Killed from afar by a merfolk aquamancer
 53776 | Shoals:1 | Reached XP level 15. HP: -2/70 MP: 7/33
 53777 | Shoals:1 | Quit the game

Skill      XL: |  1  2  3  4  5  6  7  8  9 10 11 12 13 14 15 16 |
---------------+-------------------------------------------------+-----
Conjurations   | 4 5 6 8 9 11 12 13 14 | 14.2
Stealth        | 3 7 10 12 | 12.6
Spellcasting   | 3 5 6 7 9 11 12 13 | 13.8
Evocations     | 3 5 7 9 12 | 12.0
Hexes          | 1 5 6 8 |  8.9
Translocations | 1 5 |  5.1
Dodging        | 8 9 10 | 10.2
Fighting       | 3 5 6 |  6.6
Unarmed Combat | 7 8 |  8.0
Ice Magic      | 1 |  1.2
Air Magic      | |  0.2

Action                   |  1- 3 |  4- 6 |  7- 9 | 10-12 | 13-15 | 16-18 || total
-------------------------+-------+-------+-------+-------+-------+-------++-------
Melee: Unarmed           |     6 |    11 |    63 |    86 |   201 |    11 ||   378
       Bite              |       |       |    12 |    14 |    12 |     2 ||    40
       Punch             |       |       |       |     1 |    10 |       ||    11
 Cast: Magic Dart        |   110 |   163 |   267 |   185 |   119 |     9 ||   853
       Dazzling Spray    |       |     4 |       |       |       |       ||     4
       Iskenderun's Myst |       |     4 |    64 |   403 |   759 |    57 ||  1287
       Conjure Flame     |       |     3 |    30 |    32 |    31 |       ||    96
       Mephitic Cloud    |       |       |    26 |    24 |    48 |     2 ||   100
       Inner Flame       |       |       |       |     3 |     2 |       ||     5
       Confuse           |       |       |       |     5 |    23 |       ||    28
       Blink             |       |       |       |       |    16 |       ||    16
       Throw Icicle      |       |       |       |       |    15 |       ||    15
       Force Lance       |       |       |       |       |     3 |     2 ||     5
Evoke: Wand              |       |       |       |    22 |    67 |     1 ||    90
       Lightning rod     |       |       |       |       |     4 |       ||     4
  Use: Scroll            |       |    11 |     5 |    13 |     5 |     4 ||    38
       Potion            |       |       |     6 |     4 |     4 |     3 ||    17
 Stab: Confused          |       |       |     3 |     6 |    13 |       ||    22
       Sleeping          |       |       |       |       |    13 |     2 ||    15
  Eat: Chunk             |     4 |    15 |    15 |    43 |    49 |     2 ||   128
Armor: Skin              |     1 |       |     8 |     5 |     8 |     1 ||    23
Dodge: Dodged            |    15 |    24 |    81 |   163 |   254 |    13 ||   550
Block: Other             |       |       |       |    11 |    10 |     1 ||    22
       Reflection        |       |       |       |     2 |     4 |       ||     6
